zoologist, lawful female human Archeologist ------ |....| ------------ ----------- |.....#############################`|..........| ............| |....| ) ##...........| |............| |.....#########-------------- ##|..........| #-..>.........| ----.- #|.......<....| ####|...........##########---------|--- ## #.............| # #|..........| #### # ###|.............#### #|..........| B ### # #----------.--- #------.----- @## # ### ##########*# ############*# # - --|--# ## # ---------|-- |.....|# # # |.......!.!| |......# # #### |!!!!...!!.| |.....| ##### |!!....!...| ------- ------------ zoologist the Field Worker Experience level: 3 Strength: 15 Dexterity: 12 Constitution: 11 Intelligence: 15 Wisdom: 13 Charisma: 10 Health: 0(29) Energy: 13(13) Def: 1 Gold: 572 Moves: 1890 Dungeon seed: q6vOS_X4NHQpCrIl Game ID: zoologist_1526479324 Your Inventory: Coins $ - 572 gold pieces Weapons a - a +2 bullwhip Armor e - an uncursed +0 leather jacket (being worn) n - an uncursed +0 fedora (being worn) Comestibles b - 5 uncursed food rations h - 3 uncursed apples o - 2 uncursed cream pies Scrolls K - an uncursed scroll of teleportation Potions t - an uncursed potion of sickness J - an uncursed potion of full healing L - an uncursed potion of gain energy M - an uncursed potion of water W - an uncursed potion of object detection Rings H - an uncursed ring of cold resistance Wands m - a wand of digging (0:3) Tools c - a +0 pick-axe (weapon in hand) d - a tinning kit (0:67) f - an uncursed sack g - an uncursed oil lamp (0:1012) Gems q - an uncursed touchstone r - 10 uncursed rocks (in quiver) Contents of the sack: a blessed scroll of enchant armor an uncursed scroll of enchant weapon an uncursed scroll of identify an uncursed scroll of remove curse an uncursed potion of extra healing a potion of holy water a blessed +1 ring of adornment Spells and supernatural/magical abilities: Name Level Category Fail Memory f - fireball 4 attack 100% 91% z - sleep 1 enchantment 3% 93% W - pray for help -- divine ? -- Your skills at the end: Fighting Skills Weapon Skills pick-axe [Basic] whip [Basic] Spellcasting Skills Final Attributes: You were piously aligned. You were stealthy. You were fast. You are dead. Vanquished creatures: a shrieker a brown mold a yellow mold a gecko 6 jackals 5 sewer rats 8 grid bugs 3 lichens 2 kobold zombies 5 newts 33 creatures vanquished. Voluntary challenges: You were an atheist. You used a wielded weapon 38 times, starting on turn 54. You read items or engraved 18 times, starting on turn 19. You never genocided any monsters. You never polymorphed an object. You never changed form. You used no wishes. You never split a pudding. You wrote Elbereth's name 1 time, starting on turn 430. You never violated your personal moral code. Dungeon overview: The Dungeons of Doom: levels 1 to 3 Level 1 a fountain a long staircase Level 2 a scroll shop, a fountain a long staircase Level 3 <- You were here a potion shop History has recorded: On T:1 you entered the Dungeons of Doom to retrieve the Amulet of Yendor! On T:424 you reached level 2 of The Dungeons of Doom. On T:866 you advanced to experience level 2. On T:1195 you reached level 3 of The Dungeons of Doom. On T:1767 you advanced to experience level 3. Score breakdown: Gold: 572 ( 9382 points) Experience: 3 levels ( 7878 points) Exploration: 3 levels ( 6.12%) ( 6123 points) Discoveries: 14 items ( 4.71%) ( 6513 points) Valuables value: (no points given unless you survive) Artifact value: 0 ( 0 points) Variety of kills: 10 monsters ( 2.62%) ( 4860 points) Turncount: 1890 turns ( 0 points) Survival: died (score multiplied by 80%) Total score: 27804 Latest messages: The little dog bites azog. There are a few objects here. The little dog bites! Azog misses the little dog. (2x) You hit the little dog. The little dog bites! Azog misses the little dog. The little dog bites! You miss the little dog. The little dog bites! Azog misses the little dog. (3x) The little dog devours an uncursed tripe ration. There are a few objects here. (2x) You see here a +0 pick-axe. You have a little trouble lifting c - a +0 pick-axe. Your movements are slowed slightly because of your load. You are now wielding your pick-axe. The giant bat bites! (2x) You die... Final status: Goodbye zoologist the Archeologist, killed by a giant bat... You died in The Dungeons of Doom on dungeon level 3 with 27804 points, and 572 pieces of gold, after 1890 moves. You were level 3 with a maximum of 29 hit points when you died.